 Dungeon Crawl Stone Soup version 0.29.0 (webtiles) character file.

Game seed: 14169934286708087096

7919 XZede the Basher (level 11, 0/150 HPs)
             Began as a Minotaur Berserker on Aug 29, 2022.
             Was an Elder of Trog.
             Succumbed to a death drake's dark miasma
             ... on level 10 of the Dungeon.
             The game lasted 00:49:39 (10603 turns).

XZede the Basher (Minotaur Berserker)              Turns: 10603, Time: 00:49:39

Health: 0/150      AC: 18    Str: 26    XL:     11   Next: 3%
Magic:  8/8        EV: 13    Int:  2    God:    Trog [****..]
Gold:   401        SH:  0    Dex: 10    Spells: 10/10 levels left

rFire   . . .      SeeInvis .   w - +5 dire flail (freeze)
rCold   . . .      Faith    .   (shield currently unavailable)
rNeg    . . .      Spirit   .   l - +0 plate armour
rPois   .          Reflect  .   (helmet restricted)
rElec   .          Harm     .   u - +2 cloak
rCorr   .          Rampage  .   g - +1 pair of gloves
Will    .....                   (no boots)
Stlth   ..........              b - amulet of regeneration
HPRegen 1.15/turn               c - +4 ring of evasion
MPRegen 0.11/turn               I - +4 ring of slaying

@: berserking (expiring), lethally poisoned (0 -> -124), slowed
A: horns 2, retaliatory headbutt, dopey 1, low MP 1
a: Renounce Religion, Berserk, Trog's Hand, Brothers in Arms


You were on level 10 of the Dungeon.
You worshipped Trog.
Trog was greatly pleased with you.
You visited 2 branches of the dungeon, and saw 11 of its levels.

You collected 401 gold pieces.

Inventory:

Hand Weapons
 w - a +5 dire flail of freezing (weapon)
 C - the +6 quarterstaff "Lokoem" {elec, Fly rElec Str-3}
   (You found it on level 6 of the Dungeon)

   It occasionally discharges a powerful burst of electricity upon striking a
   foe.
   Str:       It affects your strength (-3).
   rElec:     It insulates you from electricity.
   Fly:       It grants you flight.
 D - the +8 falchion of Analysis {freeze, rCorr Int+3}
   (You found it on level 6 of the Dungeon)

   It freezes those it strikes, dealing additional cold damage.
   It can also slow down cold-blooded creatures.
   Int:       It affects your intelligence (+3).
   rCorr:     It protects you from acid and corrosion.
Missiles
 i - 41 stones (quivered)
 B - a throwing net
Armour
 g - a +1 pair of gloves (worn)
 l - a +0 plate armour (worn)
 u - a +2 cloak (worn)
 x - a +1 chain mail
 K - a +0 kite shield
Jewellery
 b - an amulet of regeneration (around neck)
 c - a +4 ring of evasion (left hand)
 d - a ring of see invisible
 I - a +4 ring of slaying (right hand)
Wands
 a - a wand of mindburst (23)
 f - a wand of roots (4)
 k - a wand of flame (20)
 r - a wand of paralysis (21)
 t - a wand of acid (22)
 F - a wand of polymorph (5)
Scrolls
 o - 2 scrolls of teleportation
 s - a scroll of noise
 y - a scroll of summoning {unknown}
 H - a scroll of amnesia {unknown}
Potions
 e - 3 potions of magic
 h - 3 potions of lignification
 j - 3 potions of haste
 m - 4 potions of curing
 n - 4 potions of brilliance
 p - 4 potions of degeneration
 q - 2 potions of attraction
 v - a potion of cancellation
 z - 2 potions of might
 A - 3 potions of heal wounds
 E - a potion of invisibility
 G - a potion of ambrosia
 J - a potion of flight {unknown}


   Skills:
 * Level 10.2 Fighting
 - Level 9.6(12.4) Axes
 - Level 12.7(14.0) Maces & Flails
 + Level 6.9 Armour
 + Level 6.3 Dodging


You had 10 spell levels left.
You didn't know any spells.
Your spell library was empty.

Dungeon Overview and Level Annotations

Branches:
Dungeon (10/15)            Temple (1/1) D:7             Orc (0/2) D:10
   Lair: D:8-11

Altars:
Cheibriados
Dithmenos
Elyvilon
Fedhas
Gozag
Hepliaklqana
Makhleb
Nemelex Xobeh
Okawaru
Qazlal
Ru
Sif Muna
Trog
Vehumet
Wu Jian
Xom
Yredelemnul
Zin
The Shining One


Innate Abilities, Weirdness & Mutations

You have a pair of horns on your head.
You reflexively headbutt those who attack you in melee.
You are dopey. (Int -2)
Your magical capacity is low. (-10% MP)


Message History

The death drake is severely wounded.
You are engulfed in dark miasma.
You are more poisoned.
You feel yourself slow down.
You feel extremely sick.
You are too berserk!
You barely miss the death drake.
The death drake is severely wounded.
You are engulfed in dark miasma.
You are more poisoned.
You feel extremely sick.
The death drake bites you but does no damage.
You barely miss the death drake. Your headbutt misses the death drake.
The death drake is severely wounded.
You are engulfed in dark miasma.
You are lethally poisoned!
You feel extremely sick. The death drake breathes miasma at you.
The foul vapour misses you.
You miss the death drake. Your headbutt misses the death drake.
The death drake is severely wounded.
You are engulfed in dark miasma.
You are more poisoned.
* * * LOW HITPOINT WARNING * * *
You feel extremely sick.
You miss the death drake.
The death drake is severely wounded.
You are engulfed in dark miasma.
You are more poisoned.
You feel as though you will be slow longer.
* * * LOW HITPOINT WARNING * * *
x2 You feel extremely sick.
The death drake misses you. You furiously retaliate!
You headbutt the death drake!! You barely miss the death drake.
Your headbutt misses the death drake.
The death drake is almost dead.
You are engulfed in dark miasma.
You are more poisoned.
You feel as though you will be slow longer.
* * * LOW HITPOINT WARNING * * *
You die...

### #..###### ....
#.......# PP..####
#.......# ....'..#
#.......# _.P.'..#
#.......#
.P.'..#######.......#
#.............)..#
#........##'##...#
#k@......#...#...##
#..).........#...#.....
.'............+...#.....
.#............#####.....
#......................
#..##'#####............
.... .. #............
#.. .. ...........
.#######...


You could see a death drake.

Vanquished Creatures
  Erica (D:9)
  A two-headed ogre (D:9)
  An ugly thing (D:10)
  Grinder (D:3)
  Sigmund (D:5)
  Edmund (D:4)
  5 water moccasins
  4 orc warriors
  3 sky beasts
  2 ogres
  6 centaurs
  A phantom (D:6)
  2 gnoll sergeants
  5 bullfrogs
  4 necrophages
  7 scorpions
  21 wights
  17 killer bees
  An electric eel (D:6)
  A gnoll bouda (D:6)
  3 hounds
  A jelly (D:7)
  7 orc priests
  4 iguanas
  Terence (D:3)
  Natasha (thrice) (D:3)
  10 orc wizards
  Robin (D:4)
  11 gnolls
  2 adders
  A shadow imp (D:6)
  2 white imps
  An ufetubus (D:5)
  A worm (D:5)
  6 dart slugs
  26 orcs
  9 endoplasms
  A giant cockroach (D:4)
  10 goblins
  15 hobgoblins
  4 jackals (D:3)
  8 kobolds
  5 quokkas
  A ball python (D:4)
  5 bats
  4 rats
227 creatures vanquished.

Vanquished Creatures (others)
  3 fungi (D:10)
3 creatures vanquished.

Grand Total: 230 creatures vanquished

Notes
Turn   | Place    | Note
-------+----------+-------------------------------------------
     0 | D:1      | XZede the Minotaur Berserker began the quest for the Orb.
     0 | D:1      | Reached XP level 1. HP: 19/19 MP: 0/0
   377 | D:1      | Reached XP level 2. HP: 26/27 MP: 1/1
  1146 | D:2      | Reached XP level 3. HP: 33/33 MP: 2/2
  2429 | D:3      | Noticed Natasha
  2438 | D:3      | Killed Natasha
  2439 | D:3      | Reached skill level 5 in Axes
  2439 | D:3      | Reached XP level 4. HP: 40/40 MP: 3/3
  2534 | D:3      | Noticed Natasha
  2539 | D:3      | Killed Natasha
  2775 | D:3      | Reached ** piety under Trog
  2785 | D:3      | Noticed Terence
  2785 | D:3      | Noticed Natasha
  2792 | D:3      | Killed Natasha
  3023 | D:3      | Noticed Grinder
  3029 | D:3      | Killed Grinder
  3030 | D:3      | Reached XP level 5. HP: 46/46 MP: 4/4
  3030 | D:3      | Reached XP level 6. HP: 52/52 MP: 5/5
  3125 | D:3      | Killed Terence
  3169 | D:3      | Gained mutation: You are partially covered in iridescent
                  | scales. (AC +2) [potion of mutation]
  3170 | D:3      | Lost mutation: You are partially covered in iridescent
                  | scales. (AC +2) [potion of mutation]
  3170 | D:3      | Gained mutation: You are dopey. (Int -2) [potion of
                  | mutation]
  3170 | D:3      | Gained mutation: Your magical capacity is low. (-10% MP)
                  | [potion of mutation]
  3335 | D:3      | Found a faded altar of an unknown god.
  3647 | D:3      | Found a sparkling altar of Nemelex Xobeh.
  3858 | D:4      | Noticed Robin
  3883 | D:4      | Killed Robin
  4054 | D:4      | Noticed Edmund
  4065 | D:4      | Killed Edmund
  4066 | D:4      | Reached XP level 7. HP: 59/59 MP: 5/5
  4195 | D:4      | Reached skill level 1 in Maces & Flails
  4222 | D:4      | Reached skill level 2 in Maces & Flails
  4442 | D:5      | Entered Level 5 of the Dungeon
  4450 | D:5      | Found a shadowy altar of Dithmenos.
  4459 | D:5      | Reached skill level 3 in Maces & Flails
  4591 | D:5      | Reached skill level 4 in Maces & Flails
  4594 | D:5      | Reached skill level 5 in Maces & Flails
  4658 | D:5      | Noticed Sigmund
  4674 | D:5      | Reached XP level 8. HP: 55/66 MP: 6/6
  4679 | D:5      | Killed Sigmund
  4680 | D:5      | Reached skill level 6 in Maces & Flails
  4838 | D:5      | Reached skill level 7 in Maces & Flails
  5038 | D:5      | Reached skill level 8 in Maces & Flails
  5431 | D:6      | Reached skill level 9 in Maces & Flails
  5653 | D:6      | Reached skill level 10 in Maces & Flails
  5679 | D:6      | Reached *** piety under Trog
  5866 | D:6      | Identified the +6 quarterstaff "Lokoem" {elec, Fly rElec
                  | Str-3}
  5972 | D:6      | Reached XP level 9. HP: 70/71 MP: 7/7
  5973 | D:6      | Identified the +8 falchion of Analysis {freeze, rCorr
                  | Int+3}
  6045 | D:6      | Reached skill level 11 in Maces & Flails
  6359 | D:6      | Reached skill level 12 in Maces & Flails
  7498 | D:7      | Found a sacrificial altar of Ru.
  7829 | D:7      | Reached skill level 5 in Fighting
  8073 | D:7      | Found a staircase to the Ecumenical Temple.
  8214 | D:7      | Reached **** piety under Trog
  8546 | Temple   | Entered the Ecumenical Temple
  8714 | D:8      | Reached XP level 10. HP: 83/84 MP: 8/8
  9311 | D:8      | Reached skill level 5 in Armour
  9878 | D:9      | Noticed a two-headed ogre
  9891 | D:9      | Killed a two-headed ogre
  9892 | D:9      | Reached skill level 5 in Dodging
 10141 | D:9      | Noticed Erica
 10151 | D:9      | Killed Erica
 10382 | D:10     | Entered Level 10 of the Dungeon
 10425 | D:10     | Identified the +5 robe of Beogh, Destroying {+Inv Will-
                  | rCorr Stlth-}
 10426 | D:10     | Noticed a red ugly thing
 10433 | D:10     | Killed a red ugly thing
 10434 | D:10     | Reached skill level 10 in Fighting
 10462 | D:10     | Found a staircase to the Orcish Mines.
 10489 | D:10     | Reached XP level 11. HP: 90/99 MP: 8/8
 10523 | D:10     | Reached ***** piety under Trog
 10590 | D:10     | Noticed a two-headed ogre
 10592 | D:10     | Noticed a death drake
 10592 | D:10     | a two-headed ogre changed into a death drake
 10594 | D:10     | Found a radiant altar of Vehumet.
 10603 | D:10     | Succumbed to a death drake's dark miasma

Illustrated notes

Levels and vault maps discovered:
D:1:      dpeg_arrival_pits, layout_basic
D:2:      layout_loops_corners
D:3:      layout_loops_ring, lemuel_round_altar,
          hellmonk_ecumenical_altar_arch_garden, uniq_grinder, uniq_terence,
          uniq_natasha
D:4:      layout_loops_ring, uniq_edmund, uniq_robin
D:5:      layout_rooms, nicolae_dithmenos_shadow_blocks, serial_curves,
          eino_curves_04, eino_curves_04, eino_curves_01, uniq_sigmund
D:6:      wad_river_or_something, layout_loops_corners
D:7:      layout_basic, overflow_temple_1_default,
          minmay_temple_entry_metal_lava
D:8:      layout_loops_ring, minivault_25
D:9:      layout_rooms, uniq_erica
D:10:     layout_irregular_city, mainiacjoe_overflow_alcove_4,
          jmf_multi_god_temple2, mainiacjoe_overflow_alcove_1,
          david_orc_1_choice, minmay_strange_pillars
Temple:   eino_wide_crystal_templ

Skill      XL: |  1  2  3  4  5  6  7  8  9 10 |
---------------+-------------------------------+-----
Axes           | 4 5 8 9 |  9.6
Fighting       | 4 6 10 | 10.2
Maces & Flails | 5 10 12 | 12.7
Armour         | 4 6 |  6.9
Dodging        | 3 6 |  6.3

Action                   |  1- 3 |  4- 6 |  7- 9 | 10-12 || total
-------------------------+-------+-------+-------+-------++-------
Melee: Hand axe          |    83 |   102 |       |       ||   185
       Headbutt          |    13 |    16 |    34 |    14 ||    77
       Punch             |     1 |     1 |       |       ||     2
       Dire flail        |       |       |   222 |   150 ||   372
Invok: Berserk           |     1 |     3 |     3 |     3 ||    10
Evoke: Wand              |       |     2 |     2 |     3 ||     7
  Use: Scroll            |     7 |     3 |     8 |     6 ||    24
       Potion            |       |     2 |     3 |       ||     5
Armor: Animal skin       |     2 |       |       |       ||     2
       Ring mail         |    25 |    20 |       |       ||    45
       Chain mail        |       |       |    73 |       ||    73
       Plate armour      |       |       |    19 |    58 ||    77
Dodge: Dodged            |    28 |    53 |   111 |    79 ||   271
